 Dungeon Crawl Stone Soup version 0.31-a0-472-g43a2ca8e1b (webtiles) character file.

Game seed: 14494378667223090671

254 Ethylacetat the Changeling (level 6, -5/41 HPs)
             Began as an Octopode Shapeshifter on Aug 6, 2023.
             Was an Initiate of Gozag.
             Slain by a black bear (6 damage)
             ... on level 4 of the Dungeon.
             The game lasted 00:06:01 (3015 turns).

Ethylacetat the Changeling (Octopode Shapeshifter)  Turns: 3015, Time: 00:06:02

Health: -5/41      AC:  1    Str: 15    XL:     6   Next: 15%
Magic:  6/6        EV: 13    Int: 10    God:    Gozag
Gold:   581        SH:  0    Dex: 14    Spells: 3/5 levels left

rFire   . .          .
                       - Unarmed
rCold   . . .        (no shield)
rNeg    . . .        (helmet currently unavailable)
rPois   .            (no amulet)
rElec   .            q - ring of resist corrosion
rCorr   +            (no ring)
SInv    .            (no ring)
Will    .....        (no ring)
Stlth   ++           (no ring)
HPRegen 0.26/turn    (no ring)
MPRegen 0.10/turn    (no ring)
                     (no ring)

%: no passive effects
@: beast-form
A: beast (slay +3), almost no armour, amphibious, 8 rings, camouflage 1,
gelatinous body 1, (nimble swimmer 1), tentacles
a: Begin Untransformation, Renounce Religion, Potion Petition, Call Merchant,
Bribe Branch


You were on level 4 of the Dungeon.
You worshipped Gozag.
Gozag was pleased with you.
You were a hulking beast.
You visited 1 branch of the dungeon, and saw 4 of its levels.

You collected 671 gold pieces.
You spent 90 gold pieces at shops.

Inventory:

Hand Weapons
 p - a +1 sling of freezing
Jewellery
 q - a ring of resist corrosion (left tentacle)
Talismans
 b - a beast talisman (active)
 f - a storm talisman
Scrolls
 c - 2 scrolls of teleportation {unknown}
 d - 2 scrolls of amnesia {unknown}
 e - a scroll of poison {unknown}
 g - a scroll of torment {unknown}
 h - a scroll of vulnerability {unknown}
 i - 2 scrolls of fog
 o - a scroll of silence {unknown}
 r - a scroll of identify {unknown}
Potions
 a - a potion of lignification
 j - 2 potions of cancellation {unknown}
 k - 2 potions of mutation {unknown}
 l - a potion of heal wounds
 m - a potion of curing {unknown}
 n - a potion of haste {unknown}


   Skills:
 + Level 2.9 Fighting
 - Level 2.2 Dodging
 + Level 4.2 Unarmed Combat
 * Level 4.5 Shapeshifting


You had 3 spell levels left.
You knew the following spells:

 Your Spells              Type           Power      Damage    Failure   Level
a - Wereblood             Tmut           0%         N/A       50%         2

Your spell library contained the following spells:

 Spells                   Type           Power      Damage    Failure   Level
 Sublimation of Blood     Necr           0%         N/A       50%         2
 Volatile Blastmotes      Fire/Tloc      0%         2d10      75%         3
 Fulminant Prism          Conj/Hex       0%         3d5       98%         4
 Iskenderun's Mystic Bla  Conj/Tloc      0%         2d3       98%         4
 Summon Hydra             Summ           0%         N/A       100%        7


Dungeon Overview and Level Annotations

Branches:
Dungeon (4/15)
 Temple: D:4-7

Altars:
Dithmenos
Elyvilon
Gozag
Okawaru
Trog

Shops:
D:3 *

Annotations:
D:3 2 transporters, Jaike's ghost, amateur DjCA


Innate Abilities, Weirdness & Mutations

You are a hulking beast.
Your limbs bulge with bestial killing power. (Slay +3)
You cannot wear most types of armour.
You are amphibious.
You can wear up to eight rings at the same time.
Your skin changes colour to match your surroundings (Stealth+).
Your rubbery body absorbs attacks. (AC +1, EV +1)
((You are camouflaged when in or above water. (Stealth+)))
You have tentacles for arms and can constrict up to eight enemies at once.


Message History

Aim: a black bear (heavily wounded, 69% to hit)
You shoot a sling bullet. The sling bullet hits the orc.
The sling bullet freezes the orc.
The orc is moderately wounded.
There is a stone staircase leading up here.
The orc barely misses you.
You climb upwards.
Level annotation: 2 transporters, Jaike's ghost, amateur DjCA
There is a stone staircase leading down here.
Your +1 sling of freezing stops glowing.
You are now empty-tentacled.
You tentacle-slap the orc. Your grab misses the orc. You squeeze the orc.
The orc is severely wounded.
The orc misses you.
You tentacle-slap the orc. You grab the orc.
The orc is almost dead.
You constrict the orc, but do no damage.
The orc completely misses you.
You barely miss the orc.
The orc is almost dead.
You constrict the orc.
You kill the orc!
You climb downwards.
The orc hits you with a +0 morningstar! The orc hits you with a +0 dagger.
The black bear completely misses you. The black bear misses you.
The black bear closely misses you.
There is a stone staircase leading up here.
You tentacle-slap the black bear. Your grab misses the black bear.
The black bear is severely wounded.
The orc barely misses you. The orc closely misses you.
The black bear goes berserk!
You tentacle-slap the black bear. Your grab misses the black bear.
The black bear is severely wounded.
The black bear bites you! The black bear misses you. The black bear claws you!
The orc hits you with a +0 morningstar!
* * * LOW HITPOINT WARNING * * *
The orc hits you with a +0 dagger.
* * * LOW HITPOINT WARNING * * *
The black bear barely misses you. The black bear claws you.
You die...
Your body crumbles into a pile of gold.

##.............#
#.............##
........>...#####
...........###
.............#
............$###
.............).##########
........#.....#h........
....>..#.....(ho.#
............##o###
........#.##...#
...##........8...
#..#...#...###
.......##.## ...# #.# .#
#.#


You could see a black bear (berserk) and 2 orcs.

Vanquished Creatures
  An orc priest (D:3)
  Natasha (thrice) (D:2)
  An orc wizard (D:3)
  Robin (D:3)
  An adder (D:2)
  A dart slug (D:1)
  8 orcs
  9 endoplasms
  4 giant cockroaches
  10 goblins
  8 hobgoblins
  6 jackals
  A quokka (D:3)
  4 ball pythons
  13 bats
  6 frilled lizards
  12 kobolds
  5 rats
94 creatures vanquished.

Notes
Turn   | Place    | Note
-------+----------+-------------------------------------------
     0 | D:1      | Ethylacetat the Octopode Shapeshifter began the quest for
                  | the Orb.
     0 | D:1      | Reached XP level 1. HP: 13/13 MP: 1/1
   215 | D:1      | Reached XP level 2. HP: 18/18 MP: 2/2
   490 | D:1      | Found a faded altar of an unknown god.
   504 | D:1      | Prayed at the altar of an unknown god.
   504 | D:1      | Became a worshipper of Gozag Ym Sagoz the Greedy
   617 | D:1      | Reached XP level 3. HP: 21/23 MP: 3/3
  1089 | D:2      | Found a bloodstained altar of Trog.
  1362 | D:2      | Reached XP level 4. HP: 29/29 MP: 4/4
  1442 | D:2      | Noticed Natasha
  1451 | D:2      | Killed Natasha
  1556 | D:2      | Noticed Natasha
  1565 | D:2      | Killed Natasha
  1754 | D:2      | Noticed Natasha
  1761 | D:2      | Killed Natasha
  1762 | D:2      | Reached XP level 5. HP: 24/35 MP: 5/5
  1857 | D:3      | Found Waityff's General Store.
  1873 | D:3      | Bought a potion of heal wounds for 50 gold pieces
  1873 | D:3      | Bought a scroll of fog for 40 gold pieces
  1950 | D:3      | Learned a level 2 spell: Wereblood
  1978 | D:3      | Found a transporter.
  1980 | D:3      | Noticed Jaike's ghost (amateur DjCA)
  1982 | D:3      | Found a transporter.
  2099 | D:3      | Found an opulent altar of Gozag.
  2101 | D:3      | Found an iron altar of Okawaru.
  2102 | D:3      | Found a white marble altar of Elyvilon.
  2450 | D:3      | Noticed Robin
  2465 | D:3      | Killed Robin
  2589 | D:3      | Found a shadowy altar of Dithmenos.
  2835 | D:3      | Reached XP level 6. HP: 25/41 MP: 6/6
  2988 | D:4      | Noticed a black bear
  3015 | D:4      | HP: 1/41 [orc/+0 dagger (3)]
  3015 | D:4      | Slain by a black bear

Illustrated notes

Levels and vault maps discovered:
D:1:      nicolae_arrival_somewhat_less_tricky_arrival, layout_basic,
          hellmonk_ecumenical_altar_zigzags
D:2:      layout_basic, basic_altar, minmay_tiny_reverse_x, uniq_natasha
D:3:      layout_basic, gammafunk_temple_overflow_forgotten,
          lemuel_coloured_pillars_altar, serial_shops, shop,
          gammafunk_ghost_arena, uniq_robin
D:4:      layout_cave_pools, minmay_temple_entry_tees, minmay_misc_feat_tower,
          nicolae_shop_self_help

Skill      XL: |  1  2  3  4  5 |
---------------+----------------+-----
Fighting       | 2 |  2.9
Shapeshifting  | 4 |  4.5
Unarmed Combat | 4 |  4.2
Dodging        | |  2.2

Action                     |  1- 3 |  4- 6 || total
---------------------------+-------+-------++-------
  Melee: Unarmed           |    73 |    81 ||   154
         Constrict         |    16 |    21 ||    37
         Punch             |     3 |     1 ||     4
         Tentacles         |    12 |    13 ||    25
   Fire: Sling             |       |    29 ||    29
   Stab: Sleeping          |     8 |     2 ||    10
 Armour: Skin              |     8 |     7 ||    15
  Dodge: Dodged            |    30 |    69 ||    99
   Form: Storm             |       |     1 ||     1
         Beast             |       |     1 ||     1

Table legend: (Time is in decaauts)
 A = Elapsed time spent in this place.
 B = Non-inter-level travel time spent in this place.
 C = Inter-level travel time spent in this place.
 D = Time resting spent in this place.
 E = Time spent auto-exploring this place.
 F = Levels seen in this place.
 G = Mean time per level.
                   A        B        C        D        E       F      G
               +--------+--------+--------+--------+--------+-----+--------+
         Total |   3018 |   2906 |    112 |     98 |   2226 |   4 |  754.5 |
       Dungeon |   3018 |   2906 |    112 |     98 |   2226 |   4 |  754.5 |
               +--------+--------+--------+--------+--------+-----+--------+

Top non-repeatable levels by time:
     D:3: 1129 daAuts
     D:1: 934 daAuts
     D:2: 880 daAuts
     D:4: 73 daAuts
